 Dungeon Crawl Stone Soup version 0.30-a0-1043-g60ff8d5f49 (webtiles) character file.

Game seed: 7820198480309667891

22922 testman the Frost Mage (level 12, -5/105 HPs)
             Began as a White Draconian Conjurer on Apr 10, 2023.
             Was an Elder of Vehumet.
             Slain by a boulder beetle (44 damage)
             ... on level 14 of the Dungeon.
             The game lasted 01:27:06 (15636 turns).

testman the Frost Mage (White Draconian Conjurer)  Turns: 15636, Time: 01:27:06

Health: -5/105     AC: 12    Str: 11    XL:     12   Next: 67%
Magic:  0/24       EV: 14    Int: 34    God:    Vehumet [****..]
Gold:   1426       SH:  0    Dex:  9    Spells: 4/27 levels left

rFire   + . .      SeeInvis .    D - +3 war axe of Duty {speed, Fragile rPois Will+}
rCold   + . .      Faith    .    C - orb {mayhem}
rNeg    . . .      Spirit   .    (body armour unavailable)
rPois   +          Reflect  .    (helmet restricted)
rElec   .          Rampage  .    r - +1 cloak
rCorr   .                        K - +0 pair of gloves
Will    +....                    A - +0 pair of boots
Stlth   ++                       l - amulet of regeneration
HPRegen 1.17/turn                u - +6 ring of intelligence
MPRegen 0.19/turn                y - ring of Zyutz {rF+ Int+5}

@: short of breath, spiked
A: breathe frost, AC +8, unfitting armour, cold resistance 1, cold-blooded
a: Breathe Frost, Renounce Religion


You were on level 14 of the Dungeon.
You worshipped Vehumet.
Vehumet was greatly pleased with you.
You visited 2 branches of the dungeon, and saw 15 of its levels.
You also visited: Bailey.

You collected 1501 gold pieces.
You spent 75 gold pieces at shops.

Inventory:

Hand Weapons
 D - the +3 war axe of Duty (weapon) {speed, Fragile rPois Will+}
   (You found it on level 6 of the Dungeon)

   rPois:     It protects you from poison.
   Fragile:   It will be destroyed if unequipped.
   Will:      It increases your willpower.
Missiles
 h - 4 curare-tipped darts
 s - 13 poisoned darts
 E - 2 throwing nets
 N - 19 boomerangs
Armour
 r - a +1 cloak (worn)
 A - a +0 pair of boots (worn)
 C - an orb of mayhem (worn)
 K - a +0 pair of gloves (worn)
Jewellery
 l - an amulet of regeneration (around neck)
 t - a ring of ice
 u - a +6 ring of intelligence (left hand)
 v - a +5 ring of evasion
 w - a ring of ice
 y - the ring of Zyutz (right hand) {rF+ Int+5}
   (You took it off a gnoll on level 4 of the Dungeon)

   [ring of protection from fire]

   Int:       It affects your intelligence (+5).
   rF:        It protects you from fire.
 F - a ring of fire
 O - an amulet of reflection
Wands
 i - a wand of acid (7)
 k - a wand of flame (34)
 n - a wand of polymorph (7)
 L - a wand of paralysis (5)
 S - a wand of digging (3)
Scrolls
 a - 4 scrolls of poison
 c - 7 scrolls of teleportation
 d - 3 scrolls of fear
 f - 4 scrolls of identify
 g - 3 scrolls of amnesia
 j - 3 scrolls of blinking
 z - a scroll of magic mapping {unknown}
 H - 2 scrolls of enchant armour
 R - 2 scrolls of enchant weapon
 T - 2 scrolls of fog
Potions
 b - 3 potions of might
 e - 8 potions of flight
 m - 4 potions of haste
 o - 10 potions of curing
 p - 3 potions of mutation
 q - 7 potions of resistance
 x - 3 potions of brilliance
 B - a potion of lignification
 G - 3 potions of invisibility
 J - a potion of ambrosia
 M - 2 potions of attraction
 Q - a potion of heal wounds


   Skills:
 - Level 9.4 Fighting
 - Level 5.6(6.0) Axes
 - Level 3.0(4.6) Maces & Flails
 - Level 8.1 Dodging
 - Level 1.7 Stealth
 - Level 8.2 Spellcasting
 - Level 10.2 Conjurations
 - Level 4.0 Hexes
 - Level 3.4 Translocations
 + Level 10.9 Ice Magic


You had 4 spell levels left.
You knew the following spells:

 Your Spells              Type           Power      Damage    Failure   Level
a - Magic Dart            Conj           100%       1d8       1%          1
b - Searing Ray           Conj           100%       2d8       1%          2
c - Dazzling Flash        Conj/Hex       100%       N/A       1%          3
d - Tukima's Dance        Hex            41%        N/A       1%          3
e - Fulminant Prism       Conj/Hex       29%        3d13      1%          4
f - Iskenderun's Mystic   Conj/Tloc      57%        2d12      1%          4
g - Hailstorm             Conj/Ice       72%        3d15      1%          3
h - Gell's Gravitas       Tloc           37%        N/A       2%          3

Your spell library contained the following spells:

 Spells                   Type           Power      Damage    Failure   Level
 Lesser Beckoning         Tloc           74%        N/A       1%          2
 Portal Projectile        Hex/Tloc       78%        N/A       1%          3
 Teleport Other           Tloc           37%        N/A       2%          3
 Vhi's Electric Charge    Tloc/Air       50%        N/A       4%          3
 Call Canine Familiar     Summ           13%        N/A       10%         3
 Leda's Liquefaction      Hex/Erth       13%        N/A       14%         4
 Arcjolt                  Conj/Air       24%        1d34      3%          5
 Blade Hands              Tmut           6%         N/A       65%         5
 Plasma Beam              Fire/Air       6%         2x1d18    73%         6


Dungeon Overview and Level Annotations

Branches:
Dungeon (14/15)            Temple (1/1) D:7            Lair (0/5) D:8
    Orc (0/2) D:12         Bailey (visited)
 Vaults: D:13-14

Altars:
Ashenzari
Cheibriados
Dithmenos
Elyvilon
Fedhas
Gozag
Hepliaklqana
Kikubaaqudgha
Makhleb
Nemelex Xobeh
Okawaru
Qazlal
Ru
Sif Muna
Trog
Uskayaw
Vehumet
Wu Jian
Xom
Yredelemnul
Zin
The Shining One

Shops:
D:6 =   D:8 =   D:10 *   D:11 (

Annotations:
D:6 1 runed translucent door, DeathPants's ghost, novice VSVM


Innate Abilities, Weirdness & Mutations

You can breathe waves of freezing cold which knock back foes.
Your icy white scales are hard. (AC +8)
You cannot fit into any form of body armour.
Your flesh is cold resistant. (rC+)
You are cold-blooded and may be slowed by cold attacks.


Message History

The manticore flicks its tail.
The volley of spikes hits you!
The barbed spikes become lodged in your body.
* * * LOW HITPOINT WARNING * * *
Your fulminant prism crackles loudly.
The searing ray hits the boulder beetle.
The boulder beetle is almost dead.
The manticore flicks its tail.
The volley of spikes misses you.
The boulder beetle bites you but does no damage.
Your fulminant prism explodes!
The blast of energy engulfs the manticore!
You kill the manticore!
Vehumet accepts your kill.
The searing ray hits the boulder beetle but does no damage.
The boulder beetle is almost dead.
The boulder beetle leaps!
Casting: Searing Ray (safe; 1% risk of failure)
Confirm with . or Enter, or press ? or * to list all spells.
Aiming: Fulminant Prism (mildly dangerous; 1% risk of failure)
Press: ? - help, Dir - move target, p - boulder beetle You conjure a prism of explosive energy!
A fulminant prism comes into view.
The boulder beetle curls into a ball and begins rolling!
Your fulminant prism crackles loudly.
Your fulminant prism explodes!
The blast of energy engulfs the boulder beetle.
The boulder beetle is almost dead.
Casting: Fulminant Prism (mildly dangerous; 1% risk of failure)
Confirm with . or Enter, or press ? or * to list all spells.
Aiming: Searing Ray (safe; 1% risk of failure)
Press: ? - help, Shift-Dir - straight line, f - boulder beetle
Aim: a boulder beetle (almost dead, rolling, 100% to hit)
The searing ray hits the boulder beetle but does no damage.
The boulder beetle is almost dead. (Press . to maintain the ray.)
The searing ray hits the boulder beetle but does no damage.
The boulder beetle is almost dead.
The boulder beetle hits you!!!
You die...

#........###..#
#.............#
#...........##
##....°.......##
#......°.......# #
#.......○......## #.
##........B......#.
...##
#.........@†...†...
#..##..#.....).....)..#
#....####...........##
##..[## ##..........#
#.....## ##...........
#...##(.# ##..######..
#..# ##...# ).## . ...#
#).....## ...# ##....##


You could see a boulder beetle (rolling).

Vanquished Creatures
  Snorg (D:11)
  A slime creature (D:13)
  A hydra (D:8)
  3 centaur warriors
  A two-headed ogre (D:12)
  A tengu warrior (D:14)
  2 deep elf pyromancers
  2 cyclopes (D:11)
  2 ugly things
  3 manticores
  A gargoyle (D:11)
  A dancing weapon (D:12)
  3 komodo dragons
  2 unseen horrors (D:11)
  A komodo dragon (shapeshifter) (D:13)
  A tengu conjurer (D:10)
  4 trolls
  Prince Ribbit (D:9)
  Sigmund (D:5)
  A shadow (D:7)
  4 wraiths
  A centaur simulacrum (D:14)
  4 wyverns
  A basilisk (D:8)
  A human (D:10)
  16 yaks
  3 steam dragons
  A swamp worm (shapeshifter) (D:8)
  3 acid dragons
  A water moccasin (D:5)
  A warg (D:12)
  An ice beast (D:7)
  10 orc warriors
  A black bear (D:5)
  4 centaurs
  5 bullfrogs
  2 gnoll sergeants
  3 scorpions
  5 wights (D:7)
  5 killer bees
  A howler monkey (D:5)
  2 jellies
  9 orc priests
  2 hounds (D:5)
  A gnoll bouda (D:6)
  3 sleepcaps
  3 iguanas
  9 orc wizards
  13 gnolls
  5 adders
  A shadow imp (D:5)
  A white imp (D:6)
  2 ufetubi
  A dart slug (D:4)
  56 orcs
  8 ball pythons
  5 bats
  8 endoplasms
  4 giant cockroaches
  10 goblins
  12 hobgoblins
  A quokka (D:4)
  2 frilled lizards
  16 kobolds
  4 rats
284 creatures vanquished.

Vanquished Creatures (collateral kills)
  A two-headed ogre (D:13)
  Sonja (D:12)
  A kobold demonologist (D:11)
  A human (D:10)
  5 yaks
  An orc warrior (Bailey)
  2 ogres (D:5)
  A centaur (D:14)
  Blork the orc (D:5)
  An orc wizard (D:11)
  2 gnolls
  4 orcs
  A hobgoblin (Bailey)
  2 fulminant prisms (D:11)
24 creatures vanquished.

Vanquished Creatures (others)
  6 dancing weapons
  A killer bee (D:9)
  A gnoll (D:11)
  An orc (D:11)
  56 fulminant prisms
  8 plants (D:8)
73 creatures vanquished.

Grand Total: 381 creatures vanquished

Notes
Turn   | Place    | Note
-------+----------+-------------------------------------------
     0 | D:1      | testman the Draconian Conjurer began the quest for the Orb.
     0 | D:1      | Reached XP level 1. HP: 14/14 MP: 3/3
   325 | D:1      | Reached XP level 2. HP: 20/20 MP: 3/5
   375 | D:1      | Learned a level 2 spell: Searing Ray
  1160 | D:2      | Reached skill level 5 in Conjurations
  1237 | D:2      | Reached XP level 3. HP: 26/26 MP: 3/6
  2301 | D:3      | Learned a level 3 spell: Dazzling Flash
  2478 | D:3      | Found a white marble altar of Elyvilon.
  2745 | D:3      | Reached skill level 1 in Hexes
  2928 | D:4      | Found an opulent altar of Gozag.
  3027 | D:4      | Reached XP level 4. HP: 33/33 MP: 4/7
  3076 | D:4      | Found a snail-covered altar of Cheibriados.
  3076 | D:4      | Found a blossoming altar of Fedhas.
  3079 | D:4      | Found a bloodstained altar of Trog.
  3079 | D:4      | Found a shimmering blue altar of Sif Muna.
  3534 | D:4      | Reached XP level 5. HP: 13/38 MP: 0/8
  3685 | D:4      | Identified the ring of Zyutz {rF+ Int+5}
  4111 | D:5      | Entered Level 5 of the Dungeon
  4123 | D:5      | Found an ancient bone altar of Kikubaaqudgha.
  4131 | D:5      | Reached skill level 1 in Fighting
  4246 | D:5      | Noticed Sigmund
  4256 | D:5      | Killed Sigmund
  4257 | D:5      | Reached XP level 6. HP: 21/48 MP: 6/10
  4686 | D:5      | Noticed a water moccasin
  4700 | D:5      | HP: 1/48 [poisoned by a water moccasin]
  4708 | D:5      | Killed a water moccasin
  4709 | D:5      | Your scales start taking on an icy white colour.
  4709 | D:5      | Reached XP level 7. HP: 13/56 MP: 1/11
  4709 | D:5      | Gained mutation: Your flesh is cold resistant. (rC+) [White
                  | Draconian growth]
  4873 | D:5      | Learned a level 3 spell: Tukima's Dance
  5807 | D:5      | Noticed Blork the orc
  5812 | D:5      | Killed Blork the orc
  5813 | D:5      | Reached XP level 8. HP: 61/64 MP: 2/13
  6481 | D:6      | Found a runed translucent door.
  6481 | D:6      | Noticed DeathPants's ghost (novice VSVM)
  6494 | D:6      | Found Otituym's Jewellery Boutique.
  6511 | D:6      | Learned a level 4 spell: Fulminant Prism
  6787 | D:6      | Identified the +3 war axe of Duty {speed, Fragile rPois
                  | Will+}
  6801 | D:6      | Found a shimmering altar of Xom.
  6802 | D:6      | Found a hazy altar of Hepliaklqana.
  6803 | D:6      | Noticed a spectral ugly thing
  7130 | D:7      | Reached skill level 5 in Fighting
  7260 | D:7      | Reached skill level 5 in Spellcasting
  7260 | D:7      | Reached XP level 9. HP: 74/74 MP: 1/16
  7265 | D:7      | Learned a level 4 spell: Iskenderun's Mystic Blast
  7360 | D:7      | Found an ornate altar of the Wu Jian Council.
  7415 | D:7      | Reached skill level 5 in Dodging
  7482 | D:7      | Reached skill level 1 in Maces & Flails
  7482 | D:7      | Reached skill level 1 in Translocations
  7995 | D:7      | Found a staircase to the Ecumenical Temple.
  8016 | Temple   | Entered the Ecumenical Temple
  8257 | Temple   | Became a worshipper of Vehumet
  8896 | D:8      | Noticed a four-headed hydra
  8905 | D:8      | Noticed a centaur warrior
  8907 | D:8      | Killed a five-headed hydra
  8908 | D:8      | Reached XP level 10. HP: 78/84 MP: 0/18
  8926 | D:8      | Killed a centaur warrior
  9390 | D:8      | Reached * piety under Vehumet
  9390 | D:8      | Offered knowledge of Sandblast by Vehumet.
  9391 | D:8      | Reached skill level 1 in Axes
  9507 | D:8      | Found Diwi's Jewellery Shoppe.
 10162 | D:8      | Found a staircase to the Lair.
 10465 | D:9      | Found a shadowy altar of Dithmenos.
 10576 | D:9      | You fall into a shaft and drop 2 floors!
 10607 | D:11     | Noticed a cyclops
 10621 | D:11     | Killed a cyclops
 10622 | D:11     | Reached XP level 11. HP: 42/94 MP: 12/21
 10918 | D:10     | Entered Level 10 of the Dungeon
 10923 | D:10     | Found an iron altar of Okawaru.
 10988 | D:10     | Reached ** piety under Vehumet
 10988 | D:10     | Offered knowledge of Shock by Vehumet.
 11117 | D:10     | Found a flagged portal.
 11130 | Bailey   | Entered a bailey
 11559 | D:10     | Noticed a centaur warrior
 11586 | D:9      | Offered knowledge of Static Discharge by Vehumet.
 11871 | D:9      | Noticed Prince Ribbit
 11900 | D:9      | Killed Prince Ribbit
 12046 | D:10     | Killed a centaur warrior
 12124 | D:10     | Found Saveirue's Island Escapes.
 12173 | D:10     | Found a glowing golden altar of the Shining One.
 12450 | D:10     | Bought a scroll of blinking for 75 gold pieces
 12502 | D:11     | Reached *** piety under Vehumet
 12505 | D:11     | Reached skill level 5 in Axes
 12561 | D:11     | Reached skill level 10 in Conjurations
 12680 | D:11     | Noticed Snorg
 12795 | D:12     | Noticed a red ugly thing
 12810 | D:12     | Killed a red ugly thing
 12876 | D:12     | Noticed Sonja
 12889 | D:11     | Killed Snorg
 12899 | D:11     | Offered knowledge of Hailstorm by Vehumet.
 12904 | D:11     | Learned a level 3 spell: Hailstorm
 12971 | D:11     | Reached skill level 1 in Ice Magic
 12987 | D:11     | Learned a level 3 spell: Gell's Gravitas
 13276 | D:11     | Found Luela's Antique Weapon Shoppe.
 13280 | D:11     | Reached XP level 12. HP: 105/105 MP: 20/24
 13582 | D:12     | Killed Sonja
 13831 | D:12     | Found a staircase to the Orcish Mines.
 13929 | D:12     | Noticed a two-headed ogre
 13932 | D:12     | Reached skill level 5 in Ice Magic
 13938 | D:12     | Killed a two-headed ogre
 14907 | D:13     | Noticed a two-headed ogre
 14913 | D:13     | Killed a two-headed ogre
 15353 | D:14     | Noticed a tengu warrior
 15356 | D:14     | Noticed a centaur warrior
 15373 | D:14     | Killed a tengu warrior
 15374 | D:14     | Reached skill level 10 in Ice Magic
 15521 | D:14     | Killed a centaur warrior
 15522 | D:14     | Reached **** piety under Vehumet
 15522 | D:14     | Noticed a boulder beetle
 15636 | D:14     | Slain by a boulder beetle

Illustrated notes

Levels and vault maps discovered:
D:1:      scummos_arrival_simple_crosswalls, layout_loops_ring,
          minmay_misc_feat_rugged
D:2:      layout_basic
D:3:      layout_basic, elyvilon_altar_5
D:4:      layout_basic, grunt_gozag_breadcrumbs,
          chequers_temple_overflow_statue_of_worship
D:5:      minmay_razor_zed, layout_loops_cross,
          mainiacjoe_overflow_surrounded_room, uniq_sigmund, uniq_blork_the_orc
D:6:      layout_cave_pools, regret_index_temple_of_mockery, serial_shops,
          nicolae_shop_hallway_plus, ebering_ghost_inner_flame
D:7:      layout_basic, lemuel_round_altar, temple_pool_b
D:8:      layout_gridville, erik_lair_dragon, serial_shops, shop_fountains,
          minmay_shattered_shrine
D:9:      layout_loops_ring, mainiacjoe_overflow_small_starburst,
          uniq_prince_ribbit1
D:10:     layout_rooms, tso_oasis_becter, okawaru_humans, enter_bailey_5,
          hex_medium, nicolae_island_escapes
D:11:     layout_basic, serial_shops, nicolae_shop_hallway_plus, uniq_snorg
D:12:     layout_basic, david_orc_3, uniq_sonja
D:13:     layout_loops_ring, grunt_ogre_cave
D:14:     minmay_nested_s, layout_layer_cave, grunt_vaults_entry_tiered
Temple:   jpeg_temple_island

Skill      XL: |  1  2  3  4  5  6  7  8  9 10 11 12 |
---------------+-------------------------------------+-----
Conjurations   | 5 6 7 8 9 10 | 10.2
Hexes          | 1 3 4 |  4.0
Dodging        | 2 3 4 5 7 8 |  8.1
Fighting       | 1 2 3 5 6 8 9 |  9.4
Spellcasting   | 3 5 7 8 |  8.2
Maces & Flails | 3 |  3.0
Translocations | 3 |  3.4
Axes           | 3 5 |  5.6
Ice Magic      | 2 10 | 10.9
Stealth        | |  1.7

Action                     |  1- 3 |  4- 6 |  7- 9 | 10-12 || total
---------------------------+-------+-------+-------+-------++-------
  Melee: Unarmed           |     3 |       |       |       ||     3
         Dagger            |    12 |    10 |    71 |       ||    93
         Tailslap          |     1 |     1 |    24 |    50 ||    76
         Hand axe          |       |     6 |       |       ||     6
         War axe           |       |       |    85 |   350 ||   435
         Punch             |       |       |     1 |       ||     1
   Cast: Magic Dart        |    45 |    19 |     8 |    10 ||    82
         Searing Ray       |    15 |    18 |    28 |    44 ||   105
         Dazzling Flash    |       |     2 |     7 |     5 ||    14
         Tukima's Dance    |       |       |    19 |    12 ||    31
         Fulminant Prism   |       |       |    10 |    48 ||    58
         Iskenderun's Myst |       |       |     2 |    27 ||    29
         Gell's Gravitas   |       |       |       |     3 ||     3
         Hailstorm         |       |       |       |     2 ||     2
Ability: Breathe Frost     |       |       |    15 |    25 ||    40
  Evoke: Wand              |       |       |       |     3 ||     3
    Use: Potion            |       |     7 |       |     7 ||    14
         Scroll            |       |       |    12 |    12 ||    24
   Stab: Sleeping          |     3 |       |     1 |     1 ||     5
         Invisible         |       |       |     1 |     3 ||     4
         Distracted        |       |       |       |     1 ||     1
 Armour: Skin              |     8 |    11 |    61 |   172 ||   252
  Dodge: Dodged            |    16 |    41 |   208 |   441 ||   706

Table legend: (Time is in decaauts)
 A = Elapsed time spent in this place.
 B = Non-inter-level travel time spent in this place.
 C = Inter-level travel time spent in this place.
 D = Time resting spent in this place.
 E = Time spent auto-exploring this place.
 F = Levels seen in this place.
 G = Mean time per level.
                   A        B        C        D        E       F      G
               +--------+--------+--------+--------+--------+-----+--------+
         Total |  15644 |  15115 |    529 |   1328 |  11361 |  16 |  977.8 |
       Dungeon |  15000 |  14531 |    469 |   1320 |  10911 |  14 | 1071.4 |
        Temple |    310 |    250 |     60 |      0 |    243 |   1 |  310.0 |
        Bailey |    333 |    333 |      0 |      8 |    206 |   1 |  333.0 |
               +--------+--------+--------+--------+--------+-----+--------+

Top non-repeatable levels by time:
     D:5: 2149 daAuts
     D:8: 1734 daAuts
    D:11: 1341 daAuts
     D:7: 1340 daAuts
     D:4: 1226 daAuts
    D:13: 1211 daAuts
     D:2: 1193 daAuts
     D:1: 1079 daAuts
    D:12: 861 daAuts
    D:10: 796 daAuts
     D:6: 761 daAuts
     D:3: 611 daAuts
     D:9: 598 daAuts
  Bailey: 333 daAuts
  Temple: 310 daAuts
